 Dungeon Crawl Stone Soup version 0.27.1-34-g3ba077fa99 (webtiles) character file.

Game seed: 2003291733970356077

2309 mcbry74 the Cleaver (level 9, -1/74 HPs)
             Began as a Hill Orc Fighter on Jan 27, 2022.
             Slain by an orc warrior (5 damage)
             ... on level 5 of the Dungeon.
             The game lasted 00:18:44 (7605 turns).

mcbry74 the Cleaver (Hill Orc Fighter)              Turns: 7605, Time: 00:18:45

Health: -1/74      AC: 11    Str: 22    XL:     9   Next: 41%
Magic:  0/9        EV:  7    Int:  8    God:
Gold:   320        SH:  0    Dex: 10    Spells: 8/8 levels left

rFire    . . .     SeeInvis .   a - +0 war axe
rCold    . . .     Faith    .   c - +0 kite shield
rNeg     . . .     Spirit   +   b - +0 scale mail
rPois    .         Reflect  .   (no helmet)
rElec    .         Harm     .   (no cloak)
rCorr    .         Rampage  .   (no gloves)
Will     .....                  (no boots)
Stlth    ..........             e - amulet of guardian spirit
HPRegen  0.22/turn              g - +4 ring of protection
MPRegen  0.11/turn              (no ring)

@: confused
A: talons 1, evolution 1
a: no special abilities


You were on level 5 of the Dungeon.
You visited 2 branches of the dungeon, and saw 9 of its levels.

You collected 320 gold pieces.

Inventory:

Hand Weapons
 a - a +0 war axe (weapon)
 y - a +3 flail
Missiles
 n - 30 poisoned darts (quivered)
 r - 4 curare-tipped darts
Armour
 b - a +0 scale mail (worn)
 c - a +0 kite shield (worn)
Jewellery
 d - a ring of flight
 e - an amulet of guardian spirit (around neck)
 g - a +4 ring of protection (left hand)
Wands
 x - a wand of paralysis (5)
Scrolls
 j - 2 scrolls of teleportation
 l - 2 scrolls of fog {unknown}
 o - 5 scrolls of identify
 t - a scroll of blinking {unknown}
 u - a scroll of immolation {unknown}
 v - 3 scrolls of noise
Potions
 f - a potion of mutation
 h - a potion of experience {unknown}
 i - a potion of lignification {unknown}
 k - a potion of magic {unknown}
 m - 2 potions of brilliance {unknown}
 p - a potion of attraction {unknown}
 q - 2 potions of haste {unknown}
 w - 2 potions of curing {unknown}
 z - a potion of invisibility {unknown}
 A - a potion of degeneration {unknown}


   Skills:
 + Level 5.6 Fighting
 + Level 12.8 Axes
 + Level 3.0 Throwing
 + Level 5.0 Armour
 + Level 5.1 Shields


You had 8 spell levels left.
You didn't know any spells.
Your spell library contained the following spells:

 Spells                   Type           Power      Damage    Failure   Level
 Iskenderun's Battlesphe  Conj           0%         2d6       100%        5
 Iron Shot                Conj/Erth      0%         9d1       100%        6
 Spellforged Servitor     Conj/Summ      0%         N/A       100%        7


Dungeon Overview and Level Annotations

Branches:
Dungeon (8/15)             Temple (1/1) D:5
   Lair: D:8-11

Altars:
Ashenzari
Elyvilon
Gozag
Hepliaklqana
Kikubaaqudgha
Makhleb
Okawaru
Qazlal
Ru
Sif Muna
Vehumet
Wu Jian
Yredelemnul

Shops:
D:6 (


Innate Abilities, Weirdness & Mutations

You have sharp toenails.
You evolve.


Message History

The orc wizard barely misses you.
You barely miss the orc warrior.
The orc warrior is lightly wounded.
You hit the orc wizard but do no damage.
The orc warrior hits you with a +0 scimitar.
You block the orc wizard's attack.
You slash the orc warrior!
The orc warrior is moderately wounded.
You closely miss the orc wizard.
The orc warrior hits you with a +0 scimitar.
The orc wizard casts a spell at you.
You are confused.
You closely miss the orc warrior.
The orc warrior is moderately wounded.
Your scale mail prevents you from hitting the orc wizard.
The orc warrior hits you with a +0 scimitar!
* * * LOW HITPOINT WARNING * * *
The orc wizard hits you but does no damage.
You feel much better.
The orc warrior hits you with a +0 scimitar.
The orc wizard hits you with a +0 dagger.
You bump into the rock wall.
The orc warrior hits you with a +0 scimitar!
* * * LOW HITPOINT WARNING * * *
The orc wizard hits you but does no damage.
You bump into the rock wall.
The orc warrior completely misses you.
The orc wizard hits you but does no damage.
You hit the orc wizard but do no damage.
The orc wizard is heavily wounded.
You barely miss the orc warrior.
The orc warrior hits you with a +0 scimitar!
* * * LOW HITPOINT WARNING * * *
The orc wizard hits you but does no damage.
Okay, then.
You are too confused!
It was a potion of mutation.
You feel extremely strange.
Your toenails lengthen and sharpen.
You feel nature experimenting on you.
Don't worry, failures die fast.
The orc warrior hits you with a +0 scimitar.
You die...

.........##...###....'.........#.
.#####....##.## ##.#.'.≈≈≈≈≈≈##.#
.......##.##.# #.############.#
.#####.##.##.# #.# #.# #≈.≈ ##
#.##.##.# #.# #.# #≈.≈
######.#..##.# #.#####.## #≈.≈
....####'##### #........# #≈.≈
###.#.......######.##.###.####≈.≈
#.#.♣♣.♣♣.#..o@oo##.# #....#≈.≈
#.#.♣.♣.♣.######.##.###.##.#≈≈≈
#.+..♣♣♣..'.# #........##.####
###.♣.♣.♣.#.## #######.)##....#
#.♣♣)♣♣.#..## #...#####.#
#.......###.# #.#.# #.. ####'####
#.# #.#.# ##. #.##.###.# #.#.# #'
#.......## #.#.# ##.


You could see an orc warrior, an orc wizard and an orc.

Vanquished Creatures
  A steam dragon (D:7)
  A water moccasin (D:5)
  2 sky beasts
  A hornet zombie (D:7)
  An ice beast (D:7)
  3 black bears
  2 ogres
  2 centaurs
  A phantom (D:6)
  2 bullfrogs (D:7)
  A scorpion (D:4)
  4 wights (D:7)
  A howler monkey (D:7)
  A bullfrog zombie (D:3)
  A jelly (D:5)
  3 centaur skeletons
  An orc priest (D:4)
  2 hounds
  5 iguanas
  An orc wizard (D:7)
  A scorpion zombie (D:5)
  6 gnolls
  12 adders
  2 ufetubi
  A worm (D:3)
  2 adder skeletons (D:4)
  4 dart slugs
  8 orcs
  6 endoplasms
  2 giant cockroaches (D:4)
  5 goblins
  6 hobgoblins
  2 jackals (D:2)
  3 quokkas
  7 ball pythons
  5 bats
  3 frilled lizards
  9 kobolds
  5 rats
125 creatures vanquished.

Notes
Turn   | Place    | Note
-------+----------+-------------------------------------------
     0 | D:1      | mcbry74 the Hill Orc Fighter began the quest for the Orb.
     0 | D:1      | Reached XP level 1. HP: 19/19 MP: 1/1
    16 | D:1      | Reached skill level 3 in Axes
   232 | D:1      | Reached XP level 2. HP: 26/26 MP: 2/2
   430 | D:1      | Reached skill level 4 in Axes
   599 | D:1      | Found a faded altar of an unknown god.
   955 | D:2      | Reached XP level 3. HP: 10/31 MP: 1/3
  1251 | D:2      | You fall into a shaft and drop 2 floors!
  1257 | D:4      | Reached skill level 5 in Axes
  1257 | D:4      | Reached XP level 4. HP: 39/39 MP: 4/4
  1307 | D:4      | Noticed a scorpion
  1318 | D:4      | Killed a scorpion
  1319 | D:4      | Reached skill level 6 in Axes
  1319 | D:4      | Reached XP level 5. HP: 32/45 MP: 5/5
  1462 | D:4      | Reached skill level 7 in Axes
  1966 | D:4      | Identified the +1 spear "Sytono" {holy, rElec SInv}
  1967 | D:4      | Noticed a black bear
  1993 | D:4      | Reached skill level 8 in Axes
  1993 | D:4      | Reached XP level 6. HP: 21/51 MP: 4/6
  1996 | D:4      | Killed a black bear
  2001 | D:4      | Reached skill level 9 in Axes
  2800 | D:3      | Reached XP level 7. HP: 54/57 MP: 5/7
  4299 | D:5      | Entered Level 5 of the Dungeon
  4336 | D:5      | Reached skill level 10 in Axes
  4635 | D:5      | Reached skill level 11 in Axes
  4705 | D:5      | Found a staircase to the Ecumenical Temple.
  4711 | Temple   | Entered the Ecumenical Temple
  5057 | D:5      | Reached XP level 8. HP: 62/64 MP: 8/8
  5563 | D:5      | Found a hazy altar of Hepliaklqana.
  5563 | D:5      | Found a basalt altar of Yredelemnul.
  5711 | D:5      | Reached skill level 12 in Axes
  6146 | D:6      | Found a shimmering blue altar of Sif Muna.
  6146 | D:6      | You fall into a shaft and drop 2 floors!
  6160 | D:7      | HP: 1/56 [wight (4)]
  6567 | D:7      | Reached skill level 1 in Throwing
  6672 | D:7      | Reached XP level 9. HP: 19/73 MP: 5/9
  6978 | D:7      | Reached skill level 5 in Fighting
  7323 | D:7      | Reached skill level 5 in Armour
  7323 | D:7      | Reached skill level 5 in Shields
  7348 | D:6      | Found Causehun's Weapon Boutique.
  7605 | D:5      | Gained mutation: You have sharp toenails. [potion of
                  | mutation]
  7605 | D:5      | Gained mutation: You evolve. [potion of mutation]
  7605 | D:5      | Slain by an orc warrior

Illustrated notes

Levels and vault maps discovered:
D:1:      minmay_arrival_radiant_lines, layout_loops_ring,
          chequers_ecumenical_altar_grove, hangedman_decor_opposing
D:2:      layout_basic
D:3:      layout_basic
D:4:      layout_loops_corners, nzn_random_ring
D:5:      layout_loops_ring, gammafunk_temple_overflow_pools,
          minmay_temple_entry_ruins, kennysheep_cross_bottleneck,
          dk_noncrumbling_2, kennysheep_generic_room_9
D:6:      layout_cave_pods, grunt_temple_overflow_open, serial_shops,
          nicolae_shop_waterfront, minmay_misc_feat_five,
          hangedman_abyss_or_decor_passed, serial_park_tiny_pond,
          minmay_circle_x, uniq_blork_the_orc
D:7:      layout_loops_ring, st_stairs_9, kennysheep_cluttered_room,
          minmay_statues_item, grunt_ogre_cave, grunt_tough_drop
D:8:      layout_rooms
Temple:   jpeg_temple_alley_garden

Skill      XL: |  1  2  3  4  5  6  7  8  9 |
---------------+----------------------------+-----
Axes           | 3 4 5 6 8 9 11 12 | 12.8
Fighting       | 4 5 |  5.6
Throwing       | 2 3 |  3.0
Armour         | 4 5 |  5.0
Shields        | 4 5 |  5.1

Action                   |  1- 3 |  4- 6 |  7- 9 || total
-------------------------+-------+-------+-------++-------
Melee: War axe           |    74 |   118 |   291 ||   483
Throw: Dart              |       |       |    13 ||    13
  Use: Potion            |       |     1 |     6 ||     7
       Scroll            |       |       |     2 ||     2
Armor: Scale mail        |    43 |    51 |   161 ||   255
Dodge: Dodged            |    21 |    45 |    87 ||   153
Block: Kite shield       |    34 |    56 |   144 ||   234
